 Dungeon Crawl Stone Soup version 0.23-a0-241-g3b46b07 (webtiles) character file.

85988 galech the Blocker (level 15, -36/119 HPs)
             Began as a Demonspawn Fighter on Sept 26, 2018.
             Was the Champion of Okawaru.
             Annihilated by a white very ugly thing (48 damage)
             ... on level 2 of the Abyss.
             The game lasted 00:50:37 (29204 turns).

galech the Blocker (Demonspawn Fighter)            Turns: 29204, Time: 00:50:38

Health: -36/119    AC: 18    Str: 22    XL:     15   Next: 39%
Magic:  0/17       EV: 18    Int: 10    God:    Okawaru [******]
Gold:   1954       SH: 14    Dex: 23    Spells: 14/14 levels left

rFire    + . .     SeeInvis .   S - +9 short sword "Dadeh" {freeze, *Noise rF+ Str+6}
rCold    . . .     Gourm    .   T - +0 shield {reflect}
rNeg     . . .     Faith    .   U - +4 scale mail {MR+}
rPois    +         Spirit   +   l - +0 helmet
rElec    .         Reflect  +   y - +1 cloak {rPois}
rCorr    .         Harm     .   N - +0 pair of gloves
MR       ++...                  (boots unavailable)
Stlth    +.........             K - amulet of guardian spirit
HPRegen  2.29/turn              o - +4 ring of dexterity
MPRegen  0.15/turn              V - +2 ring of evasion

@: liquid flames, glowing
A: hooves 3, demonic guardian 1, powered by death 1, sturdy frame 2
a: Heroism, Finesse, Renounce Religion


You were on level 2 of the Abyss.
You worshipped Okawaru.
Okawaru was exalted by your worship.
You were not hungry.

You visited 4 branches of the dungeon, and saw 24 of its levels.
You visited the Abyss 1 time.
You also visited: Ossuary.

You collected 2101 gold pieces.
You spent 147 gold pieces at shops.

Inventory:

Hand Weapons
 D - the +6 falchion of Victory {slice, rC+ Str+2}
   (You took it off a centaur warrior on level 14 of the Dungeon)

   It inflicts extra damage upon your enemies.
   It affects your strength (+2).
   It protects you from cold.
 G - the +3 short sword "Saogi" {flame, rC+}
   (Okawaru gifted it to you on level 6 of the Lair of Beasts)

   It has been specially enchanted to burn those struck by it, causing extra
   injury to most foes and up to half again as much damage against particularly
   susceptible opponents.
   It protects you from cold.
 S - the +9 short sword "Dadeh" (weapon) {freeze, *Noise rF+ Str+6}
   (Okawaru gifted it to you on level 11 of the Dungeon)

   It has been specially enchanted to freeze those struck by it, causing extra
   injury to most foes and up to half again as much damage against particularly
   susceptible opponents.
   It can also slow down cold-blooded creatures.
   It affects your strength (+6).
   It protects you from fire.
   It may make noises in combat.
Armour
 l - a +0 helmet (worn)
 y - a +1 cloak of poison resistance (worn)
 C - a +0 chain mail
 E - a scarf of spirit shield
 N - a +0 pair of gloves (worn)
 T - a +0 shield of reflection (worn)
 U - a +4 scale mail of magic resistance (worn)
 X - a +2 shield of poison resistance
Jewellery
 a - an uncursed ring of positive energy
 k - an uncursed amulet of the acrobat {unknown}
 o - a +4 ring of dexterity (left hand)
 q - an uncursed ring of magical power
 r - an uncursed amulet of the gourmand
 H - an uncursed ring of fire
 K - an amulet of guardian spirit (around neck)
 Q - an uncursed ring of protection from cold
 V - a +2 ring of evasion (right hand)
 Y - an uncursed ring of protection from fire
Wands
 c - a wand of digging (9)
 J - a wand of paralysis (2)
Scrolls
 h - 7 scrolls of teleportation
 j - 4 scrolls of fog
 m - 6 scrolls of amnesia
 v - 12 scrolls of remove curse
 w - 5 scrolls of enchant armour
 B - 3 scrolls of blinking
 F - 2 scrolls of enchant weapon
 I - a scroll of summoning
 L - 6 scrolls of magic mapping
 P - a scroll of identify
 W - a scroll of acquirement
Potions
 b - 5 potions of heal wounds
 d - 5 potions of might
 e - 3 potions of ambrosia
 g - 9 potions of flight {unknown}
 i - 2 potions of agility {unknown}
 n - 3 potions of magic {unknown}
 p - 3 potions of mutation {unknown}
 s - 5 potions of curing
 t - 2 potions of brilliance {unknown}
 u - 2 potions of resistance {unknown}
 x - 2 potions of berserk rage {unknown}
 z - 6 potions of haste
 A - a potion of lignification {unknown}
 M - a potion of cancellation {unknown}
 O - a potion of degeneration {unknown}
 R - a potion of invisibility {unknown}
Comestibles
 f - 36 rations


   Skills:
 + Level 11.3 Fighting
 + Level 11.4 Short Blades
   Level 11.1 Axes
 + Level 10.0 Armour
 + Level 7.0 Dodging
 + Level 5.1 Stealth
 + Level 12.4 Shields
 + Level 3.1 Invocations


You had 14 spell levels left.
You didn't know any spells.
Your spell library contained the following spells:

 Spells                   Type           Power        Failure   Level  Hunger
 Apportation              Tloc           #.....       56%         1    ##.....
 Beastly Appendage        Tmut           #.....       56%         1    ##.....
 Corona                   Hex            #......      56%         1    ##.....
 Sting                    Conj/Pois      #...         56%         1    ##.....
 Summon Butterflies       Summ           #.......     56%         1    ##.....
 Poisonous Vapours        Pois/Air       #.....       71%         2    ###....
 Slow                     Hex            #.......     71%         2    ###....
 Sticks to Snakes         Tmut           #.......     71%         2    ###....
 Sublimation of Blood     Necr           #.........   71%         2    ###....
 Ignite Poison            Fire/Tmut/Pois #.......     91%         3    ####...
 Inner Flame              Hex/Fire       #.......     91%         3    ####...
 Lesser Beckoning         Tloc           #.........   91%         3    ####...
 Mephitic Cloud           Conj/Pois/Air  #.......     91%         3    ####...
 Portal Projectile        Hex/Tloc       #.....       91%         3    ####...
 Spider Form              Tmut/Pois      #.........   91%         3    ####...
 Tukima's Dance           Hex            #.......     91%         3    ####...
 Cause Fear               Hex            #.........   100%        4    #####..
 Ice Form                 Ice/Tmut       #.......     100%        4    #####..
 Leda's Liquefaction      Hex/Erth       #.........   100%        4    #####..
 Olgreb's Toxic Radiance  Pois           #.......     100%        4    #####..
 Petrify                  Tmut/Erth      #.......     100%        4    #####..
 Alistair's Intoxication  Tmut/Pois      #.......     100%        5    ######.
 Blade Hands              Tmut           #.........   100%        5    ######.
 Irradiate                Conj/Tmut      #.........   100%        5    ######.
 Metabolic Englaciation   Hex/Ice        #.........   100%        5    ######.
 Venom Bolt               Conj/Pois      #.........   100%        5    ######.
 Bolt of Cold             Conj/Ice       #.........   100%        6    #######
 Freezing Cloud           Conj/Ice/Air   #.........   100%        6    #######
 Invisibility             Hex            #.......     100%        6    #######
 Ozocubu's Refrigeration  Ice            #.........   100%        6    #######
 Simulacrum               Ice/Necr       #.........   100%        6    #######


Dungeon Overview and Level Annotations

Branches:
Dungeon (15/15)            Temple (1/1) D:6            Lair (6/6) D:9
 Shoals (0/4) Lair:4        Snake (0/4) Lair:3        Slime (0/5) Lair:5
    Orc (2/2) D:11            Elf (0/3) Orc:2        Vaults (0/5) D:14
 Depths: D:15

Altars:
Ashenzari
Cheibriados
Dithmenos
Elyvilon
Fedhas
Gozag
Hepliaklqana
Kikubaaqudgha
Makhleb
Nemelex Xobeh
Okawaru
Qazlal
Ru
Sif Muna
Trog
Uskayaw
Vehumet
Wu Jian
Xom
Yredelemnul
Zin
The Shining One
Beogh

Shops:
D:5 [*   D:11 :   Orc:2 %%%!

Annotations:
Lair:1 exclusion: 2 oklob plants
Lair:2 exclusion: 4 oklob plants


Innate Abilities, Weirdness & Mutations

You have hooves in place of feet.
A weak demonic guardian rushes to your aid.
You regenerate a little health from kills.
Your movements are less encumbered by armour. (ER -4)


Message History

You hit the white very ugly thing but do no damage.
You kick the white very ugly thing!
The white very ugly thing is lightly wounded.
The white very ugly thing punches your white imp!!
Your white imp dies!
You hit the white very ugly thing.
Your kick misses the white very ugly thing.
The white very ugly thing is lightly wounded.
The white very ugly thing pecks you!
The white very ugly thing freezes you!!!
* * * LOW HITPOINT WARNING * * *
The red very ugly thing stings you!
* * * LOW HITPOINT WARNING * * *
You are covered in liquid flames.
You are covered in liquid flames!
You block the white ugly thing's attack.
The white very ugly thing punches you!
* * * LOW HITPOINT WARNING * * *
The white very ugly thing freezes you!!!
You die...

#.# # ... #
. .# ... .
. ## # # ..
.. . ####
.. .
.#..##... #
#..#
..#...#
..#..#. ..#
#######u#
#...u@)#
#..##.uu#.#
##.#...#
... #.##
#... #.
#...# ..
#.## #.. ..
!..


You could see 3 very ugly things and a white ugly thing.

Vanquished Creatures
  A tentacled starspawn (Abyss:2)
  An ettin (Orc:1)
  Snorg (D:12)
  The ghost of galech the Cleaver, a journeyman DsFi of Okawaru (D:12)
  4 hydras
  2 catoblepae
  3 centaur warriors (D:14)
  2 two-headed ogres
  A deep troll shaman (Lair:6)
  9 death yaks
  2 thrashing horrors (Abyss:2)
  2 tengu warriors (D:13)
  3 orc high priests (Orc:2)
  Sonja (Lair:1)
  4 skeletal warriors (D:15)
  2 unseen horrors
  A lindwurm (Lair:6)
  3 deep elf magi
  4 orc knights
  5 ugly things
  3 orc sorcerers (Orc:2)
  2 manticores
  A cyclops (D:12)
  6 elephants (Lair:6)
  The ghost of ThereIsNoGod the Thaumaturge, a novice DEFE of Vehumet (D:7)
  A merfolk siren (Lair:4)
  5 black mambas
  An apocalypse crab (Abyss:2)
  A large abomination (Abyss:2)
  5 spiny frogs
  A kobold demonologist (D:14)
  7 komodo dragons
  An efreet (Abyss:2)
  2 tengu conjurers
  The ghost of coffeespoons the Shield-Bearer, a novice GrFi (D:4)
  A hellwing (Abyss:2)
  6 rime drakes
  6 trolls
  A queen bee (Lair:2)
  3 meliai (D:13)
  2 merfolk (Lair:4)
  3 polar bears
  Grinder (D:4)
  Prince Ribbit (D:7)
  5 slime creatures
  17 blink frogs
  7 hippogriffs
  Sigmund (D:4)
  9 flying skulls (Abyss:2)
  A shadow (D:15)
  5 wyverns
  4 basilisks
  44 yaks
  A ynoxinul (Abyss:2)
  10 vampire mosquitoes
  2 hungry ghosts
  A warg (Orc:1)
  5 two-headed ogre zombies (D:9)
  A soldier ant (D:14)
  An acid dragon (D:14)
  2 nagas (Lair:3)
  23 water moccasins
  7 porcupines
  11 orc warriors
  4 black bears
  5 ice beasts
  6 sky beasts
  A phantom (D:5)
  6 ogres
  12 wolves
  18 crocodiles
  10 centaurs
  2 big kobolds
  13 bullfrogs
  Blork the orc (D:4)
  A water moccasin zombie (Ossuary)
  A wyvern skeleton (D:14)
  2 wyvern zombies
  2 small abominations (Abyss:2)
  7 scorpions
  45 killer bees
  10 wights
  3 electric eels
  6 howler monkeys
  6 crimson imps
  4 quasits
  A bullfrog zombie (D:13)
  2 starcursed masses (Abyss:2)
  3 hounds
  9 jellies
  10 orc priests
  12 orc wizards
  Crazy Yiuf (D:4)
  4 bullfrog skeletons
  3 centaur skeletons
  4 iguanas
  Terence (D:3)
  Natasha (thrice) (D:3)
  8 worker ants
  A killer bee zombie (D:8)
  3 big kobold zombies (Ossuary)
  A centaur simulacrum (D:4)
  A hound zombie (D:7)
  A hound skeleton (D:9)
  2 mummies (Ossuary)
  5 gnolls
  A howler monkey skeleton (D:4)
  17 adders
  4 shadow imps
  A white imp (Abyss:2)
  8 oozes (Lair:5)
  7 adder zombies
  2 adder skeletons
  2 worms
  An adder simulacrum (D:4)
  11 leopard geckos
  27 orcs
  9 giant cockroaches
  6 gnoll zombies (Ossuary)
  7 goblins
  6 hobgoblins
  14 jackals
  3 quokkas
  2 ball pythons
  9 bats
  4 frilled lizards
  5 hobgoblin zombies (Ossuary)
  16 kobolds
  5 kobold zombies (Ossuary)
  3 orc zombies (Ossuary)
  A quokka simulacrum (D:4)
  2 quokka skeletons (D:4)
  11 rats
  A starspawn tentacle (Abyss:2)
696 creatures vanquished.

Vanquished Creatures (collateral kills)
  A hydra (Lair:5)
  2 two-headed ogres
  A death yak (Lair:5)
  An ugly thing (D:11)
  2 orc sorcerers (Orc:2)
  2 spiny frogs (Lair:2)
  2 trolls
  A blink frog (Lair:2)
  2 hippogriffs
  A large abomination (Abyss:2)
  4 yaks
  A steam dragon (D:8)
  A two-headed ogre zombie (D:9)
  Duvessa (D:4)
  A water moccasin (Lair:6)
  An orc warrior (Orc:2)
  An ice beast (D:5)
  2 ogres (D:4)
  2 centaurs
  2 bullfrogs
  Dowan (D:4)
  A howler monkey (D:11)
  A crimson imp (D:6)
  A bullfrog zombie (D:2)
  A quasit (D:7)
  A bullfrog skeleton (D:13)
  3 orc wizards
  Ijyb (D:4)
  A gnoll (D:2)
  An adder (D:5)
  A hound simulacrum (D:4)
  An ooze (Lair:5)
  2 orcs (D:4)
  3 jackals
  A quokka simulacrum (D:4)
51 creatures vanquished.

Vanquished Creatures (others)
  An orc (Orc:1)
  A quokka (D:12)
  22 fungi
  3 plants
  A starspawn tentacle (Abyss:2)
28 creatures vanquished.

Grand Total: 775 creatures vanquished

Notes
Turn   | Place    | Note
-------+----------+-------------------------------------------
     0 | D:1      | galech the Demonspawn Fighter began the quest for the Orb.
     0 | D:1      | Reached XP level 1. HP: 18/18 MP: 1/1
    77 | D:1      | Gained mutation: You regenerate a little health from kills.
                  | [demonic ancestry]
    77 | D:1      | Reached XP level 2. HP: 4/24 MP: 2/2
   515 | D:1      | Reached XP level 3. HP: 29/29 MP: 3/3
   971 | D:2      | Found a blossoming altar of Fedhas.
   971 | D:2      | Found a stormy altar of Qazlal.
  1006 | D:2      | Reached skill level 3 in Shields
  1327 | D:2      | Gained mutation: A weak demonic guardian rushes to your
                  | aid. [demonic ancestry]
  1327 | D:2      | Reached XP level 4. HP: 23/35 MP: 4/4
  2200 | D:3      | Gained mutation: You have large cloven feet. [demonic
                  | ancestry]
  2200 | D:3      | Reached XP level 5. HP: 36/41 MP: 5/5
  2470 | D:3      | Noticed Terence
  2482 | D:3      | Killed Terence
  2759 | D:3      | Noticed Natasha
  2763 | D:3      | Killed Natasha
  3129 | D:3      | Noticed Natasha
  3133 | D:3      | Killed Natasha
  3334 | D:3      | Noticed Natasha
  3343 | D:3      | Killed Natasha
  3343 | D:3      | Reached XP level 6. HP: 46/48 MP: 6/6
  3371 | D:4      | Noticed Duvessa
  3371 | D:4      | Noticed Ijyb
  3371 | D:4      | Noticed Dowan
  3503 | D:4      | Killed Ijyb
  3505 | D:4      | Killed Duvessa
  3505 | D:4      | Reached skill level 1 in Dodging
  3509 | D:4      | Killed Dowan
  3509 | D:4      | Reached skill level 4 in Shields
  3556 | D:4      | Noticed an ice beast
  3771 | D:4      | Found a burning altar of Makhleb.
  3771 | D:4      | Found a hide-covered altar of Uskayaw.
  3781 | D:4      | Noticed Sigmund
  3803 | D:4      | Killed Sigmund
  3803 | D:4      | Reached XP level 7. HP: 32/54 MP: 7/7
  4065 | D:4      | Noticed Grinder
  4068 | D:4      | Reached skill level 5 in Axes
  4077 | D:4      | Killed Grinder
  4256 | D:4      | Gained mutation: Your movements are slightly less
                  | encumbered by armour. (ER -2) [demonic ancestry]
  4256 | D:4      | Reached XP level 8. HP: 56/60 MP: 8/8
  4302 | D:4      | Noticed Blork the orc
  4309 | D:4      | Killed Blork the orc
  4519 | D:4      | Found a runed gate.
  4519 | D:4      | Found a runed gate.
  4519 | D:4      | Found a runed gate.
  4674 | D:4      | Found a runed door.
  4678 | D:4      | Noticed Crazy Yiuf
  4689 | D:4      | Killed Crazy Yiuf
  5317 | D:4      | Noticed coffeespoons's ghost (novice GrFi)
  5335 | D:5      | Entered Level 5 of the Dungeon
  5392 | D:5      | Reached skill level 5 in Shields
  5457 | D:5      | Found Rayl's Armour Emporium.
  5507 | D:5      | Found an ornate altar of the Wu Jian Council.
  5528 | D:5      | Reached skill level 5 in Armour
  5574 | D:5      | Reached skill level 1 in Stealth
  5599 | D:5      | Noticed a troll
  6030 | D:6      | Found a shadowy altar of Dithmenos.
  6091 | D:6      | Found a sand-covered staircase.
  6096 | Ossuary  | Entered an ossuary
  6228 | Ossuary  | Reached XP level 9. HP: 60/66 MP: 9/9
  6365 | D:6      | Found a shimmering altar of Xom.
  6916 | D:6      | Found a staircase to the Ecumenical Temple.
  6922 | Temple   | Entered the Ecumenical Temple
  6951 | Temple   | Became a worshipper of Warmaster Okawaru
  6998 | D:6      | Reached skill level 5 in Fighting
  7001 | D:6      | Reached * piety under Okawaru
  7517 | D:7      | Found a bloodstained altar of Trog.
  7702 | D:7      | Noticed Prince Ribbit
  7715 | D:7      | Killed Prince Ribbit
  7731 | D:7      | Reached ** piety under Okawaru
  7736 | D:7      | Noticed ThereIsNoGod's ghost (novice DEFE)
  7745 | D:7      | Found a transporter.
  7854 | D:7      | Found a transporter.
  8294 | D:8      | Reached skill level 6 in Shields
  8373 | D:8      | Found a glowing golden altar of the Shining One.
  8542 | D:8      | Reached *** piety under Okawaru
  8542 | D:8      | Gained mutation: Your movements are less encumbered by
                  | armour. (ER -4) [demonic ancestry]
  8542 | D:8      | Reached XP level 10. HP: 76/76 MP: 10/10
  8542 | D:8      | Noticed a two-headed ogre
  8552 | D:8      | Killed a two-headed ogre
  8815 | D:5      | Found Jukog's Assorted Antiques.
  8823 | D:5      | Bought a scroll of teleportation for 63 gold pieces
  8823 | D:5      | Bought a scroll of identify for 42 gold pieces
  8823 | D:5      | Bought a scroll of identify for 42 gold pieces
  9274 | D:4      | Killed coffeespoons's ghost
  9435 | D:7      | Reached skill level 10 in Axes
  9438 | D:7      | Killed ThereIsNoGod's ghost
  9438 | D:7      | Reached **** piety under Okawaru
  9596 | D:9      | Found a staircase to the Lair.
 10479 | D:9      | Gained mutation: You have hoof-like feet. [demonic
                  | ancestry]
 10479 | D:9      | Reached XP level 11. HP: 83/83 MP: 11/11
 10567 | D:9      | Found a glowing silver altar of Zin.
 10723 | D:9      | Reached ***** piety under Okawaru
 10999 | D:10     | Entered Level 10 of the Dungeon
 11192 | D:10     | Reached skill level 7 in Shields
 11833 | D:10     | Noticed a two-headed ogre
 11840 | D:10     | Killed a two-headed ogre
 12007 | D:11     | Found Arokh's Book Boutique.
 12008 | D:11     | Found a staircase to the Orcish Mines.
 12044 | D:11     | Received a gift from Okawaru
 12049 | D:11     | Got a crystal short sword {god gift}
 12057 | D:11     | Identified the +9 short sword "Dadeh" {freeze, *Noise rF+
                  | Str+6} (Okawaru gifted it to you on level 11 of the
                  | Dungeon)
 12165 | D:11     | Killed an unseen horror
 12294 | D:11     | Noticed a white ugly thing
 12298 | D:11     | Reached skill level 1 in Short Blades
 12309 | D:11     | Killed a white ugly thing
 13522 | D:11     | Reached skill level 8 in Shields
 13828 | D:12     | Received a gift from Okawaru
 13904 | D:12     | Noticed Snorg
 13930 | D:12     | Killed Snorg
 13930 | D:12     | Reached XP level 12. HP: 12/94 MP: 1/12
 14398 | D:12     | Found a white marble altar of Elyvilon.
 14404 | D:12     | Reached skill level 1 in Invocations
 14610 | D:12     | Found a runed gate.
 14611 | D:12     | Found a runed gate.
 14612 | D:12     | Found a runed gate.
 14614 | D:12     | Noticed galech's ghost (journeyman DsFi)
 14879 | D:12     | Killed galech's ghost
 14966 | Orc:1    | Entered Level 1 of the Orcish Mines
 15126 | Orc:1    | Reached skill level 5 in Short Blades
 15287 | Orc:2    | Entered Level 2 of the Orcish Mines
 15305 | Orc:2    | Found a staircase to the Elven Halls.
 15320 | Orc:2    | Found a roughly hewn altar of Beogh.
 15734 | Orc:2    | Found a roughly hewn altar of Beogh.
 16106 | Orc:2    | Found Ugunirei's Distillery.
 16111 | Orc:2    | Noticed an orc high priest
 16295 | Orc:2    | Paralysed by an orc sorcerer for 6 turns
 16955 | Orc:1    | Reached skill level 9 in Shields
 17014 | Orc:2    | Killed an orc high priest
 17014 | Orc:2    | Received a gift from Okawaru
 17099 | Orc:2    | Noticed an orc high priest
 17109 | Orc:2    | Killed an orc high priest
 17224 | Orc:2    | Noticed an orc high priest
 17235 | Orc:2    | Killed an orc high priest
 17494 | Orc:2    | Found Voginneu's Food Shoppe.
 17500 | Orc:2    | Found Gucheal's Food Shoppe.
 17502 | Orc:2    | Found Dint's Food Boutique.
 17723 | Orc:1    | Noticed an ettin
 17736 | Orc:1    | Killed an ettin
 18128 | Lair:1   | Entered Level 1 of the Lair of Beasts
 18153 | Lair:1   | Noticed Sonja
 18156 | Lair:1   | Killed Sonja
 18314 | Lair:1   | Noticed a six-headed hydra
 18329 | Lair:1   | Killed a six-headed hydra
 18498 | Lair:1   | Reached XP level 13. HP: 101/101 MP: 14/14
 18516 | Lair:1   | Received a gift from Okawaru
 19359 | Lair:2   | Reached skill level 10 in Shields
 19842 | Lair:2   | Got a smoking leather armour
 19866 | Lair:2   | Identified the +2 leather armour "Kem Je Tus" {Str+4} (You
                  | found it on level 2 of the Lair of Beasts)
 20773 | Lair:3   | Reached ****** piety under Okawaru
 21083 | Lair:3   | Found a staircase to the Snake Pit.
 21588 | Lair:4   | Received a gift from Okawaru
 21892 | Lair:4   | Received a gift from Okawaru
 22245 | Lair:4   | Found a staircase to the Shoals.
 22633 | Lair:5   | Reached skill level 10 in Fighting
 22710 | Lair:5   | Found a staircase to the Slime Pits.
 22807 | Lair:5   | Reached skill level 11 in Shields
 22807 | Lair:5   | Reached XP level 14. HP: 88/110 MP: 11/16
 22848 | Lair:5   | Reached skill level 5 in Dodging
 23666 | Lair:6   | Entered Level 6 of the Lair of Beasts
 23976 | Lair:6   | Received a gift from Okawaru
 25514 | Lair:6   | Reached skill level 10 in Short Blades
 26047 | Lair:6   | Got a crystal short sword {god gift}
 26048 | Lair:6   | Identified the +3 short sword "Saogi" {flame, rC+} (Okawaru
                  | gifted it to you on level 6 of the Lair of Beasts)
 26319 | D:13     | Received a gift from Okawaru
 26689 | D:13     | Reached skill level 5 in Stealth
 26702 | D:13     | Identified a scroll of acquirement
 27548 | D:14     | Got an uncursed shimmering falchion {slice}
 27549 | D:14     | Identified the +6 falchion of Victory {slice, rC+ Str+2}
                  | (You took it off a centaur warrior on level 14 of the
                  | Dungeon)
 27766 | D:14     | Reached skill level 12 in Shields
 27780 | D:14     | Gained mutation: You have hooves in place of feet. [demonic
                  | ancestry]
 27780 | D:14     | Reached XP level 15. HP: 77/118 MP: 11/17
 28177 | D:14     | Found a gate to the Vaults.
 28226 | D:15     | Entered Level 15 of the Dungeon
 28346 | D:15     | Received a gift from Okawaru
 28362 | D:15     | Got a scorched shield {god gift}
 28373 | D:15     | Identified the +0 shield "Noitall" {Stlth+} (Okawaru gifted
                  | it to you on level 15 of the Dungeon)
 28924 | D:15     | Cast into level 2 of the Abyss (a wizard)
 29104 | Abyss:2  | Reached skill level 10 in Armour
 29118 | Abyss:2  | Noticed a tentacled starspawn
 29133 | Abyss:2  | Killed a tentacled starspawn
 29204 | Abyss:2  | Annihilated by a white very ugly thing

Vault maps used:
D:1:      dpeg_arrival_long_road, minmay_crystal_room
D:2:      grunt_temple_overflow_forces_of_nature, first_ration
D:3:      uniq_terence, uniq_natasha
D:4:      gammafunk_temple_overflow_elements, gammafunk_ghost_icy,
          minmay_misc_feat_alley, uniq_sigmund, uniq_grinder,
          uniq_crazy_yiuf_cottage, uniq_duvessa, uniq_ijyb, uniq_blork_the_orc
D:5:      lemuel_round_altar, serial_shops, shop, shop
D:6:      kennysheep_mini, nicolae_dithmenos_the_darkroom,
          minmay_temple_entry_enclosed_plants,
          nicolae_ossuary_entry_false_entrances
D:7:      lemuel_round_altar, gammafunk_ghost_stat_death, uniq_prince_ribbit1
D:8:      tso_oasis_becter
D:9:      lemuel_ogre_cave, zin_scriptorium, lair_entry_dummy
D:11:     orc_0_dummy, serial_shops, shop, minivault_11, grunt_tengu_nest
D:12:     ebering_ghost_rock_garden, elyvilon_altar_4, uniq_snorg
D:14:     david_vaults_1, nicolae_twisting_strands
D:15:     grunt_enter_depths_magical_seal, abandoned_shop
Temple:   minmay_temple_bridge_abc
Lair:1:   minmay_lair_oklob_chamber, lemuel_fruit_fields, grunt_megastairs_3,
          uniq_sonja
Lair:2:   hangedman_what_comes_after_a
Lair:3:   minmay_snake_entry_guardpost_small, grunt_megastairs_5
Lair:4:   elwin_shoals_entry_rooms
Lair:5:   lemuel_slime, minmay_slime_entry_oklob_enclosed,
          gammafunk_lair_bear_cave, infiniplex_staircase_pool
Lair:6:   grunt_lair_end_beastmaster
Orc:2:    st_orc_elflike, basic_altar, mines2_david
Abyss:2:  evilmike_abyss_exit_1, hangedman_decor_peaks_small
Ossuary:  ossuary_tomb_2

Skill      XL: |  1  2  3  4  5  6  7  8  9 10 11 12 13 14 15 |
---------------+----------------------------------------------+-----
Axes           | 2 3 4 5 7 9 10 11 | 11.1
Armour         | 3 4 5 6 8 9 10 | 10.0
Shields        | 3 4 5 6 8 9 11 12 | 12.4
Dodging        | 1 2 3 4 6 7 |  7.0
Fighting       | 4 5 6 8 9 10 11 | 11.3
Stealth        | 1 2 3 4 5 |  5.1
Short Blades   | 4 7 9 10 11 | 11.4
Invocations    | 2 3 |  3.1

Action                   |  1- 3 |  4- 6 |  7- 9 | 10-12 | 13-15 || total
-------------------------+-------+-------+-------+-------+-------++-------
Melee: War axe           |   136 |   142 |   446 |   331 |       ||  1055
       Kick              |       |    34 |   165 |    34 |   173 ||   406
       Unarmed           |       |     3 |       |       |       ||     3
       Short sword       |       |       |       |   652 |  1701 ||  2353
Invok: Heroism           |       |       |       |    15 |    14 ||    29
       Finesse           |       |       |       |     2 |     2 ||     4
  Use: Potion            |       |     1 |       |       |     4 ||     5
       Scroll            |       |       |     4 |    12 |     8 ||    24
 Stab: Distracted        |       |       |     7 |    15 |    12 ||    34
       Sleeping          |       |       |       |       |    12 ||    12
  Eat: Chunk             |     2 |     8 |    33 |    24 |    28 ||    95
       Ration            |       |       |       |     1 |     3 ||     4
Armor: Scale mail        |   100 |    49 |    32 |       |   106 ||   287
       Skin              |       |    21 |       |       |     2 ||    23
       Chain mail        |       |       |   141 |   436 |   168 ||   745
       Leather armour    |       |       |       |       |   127 ||   127
Dodge: Dodged            |    43 |    44 |   110 |   423 |   748 ||  1368
Block: Shield            |   100 |    87 |   203 |   634 |  1022 ||  2046
       Reflection        |       |       |       |     6 |    11 ||    17

Table legend:
 A = Non-vault XP
 B = Vault XP
 C = Vault XP percentage of total XP
 D = Non-vault monster count
 E = Vault monster count
 F = Vault count percentage of total count
                 A         B        C        D         E       F
            +---------+---------+-------+---------+---------+-------
      Total |   88183 |   34658 |  28.2 |     554 |     193 |  25.8
            +---------+---------+-------+---------+---------+-------
        D:1 |      45 |       0 |   0.0 |      26 |       0 |   0.0
        D:2 |     110 |       0 |   0.0 |      23 |       0 |   0.0
        D:3 |     162 |      71 |  30.5 |      21 |       2 |   8.7
        D:4 |     446 |    1290 |  74.3 |      33 |      14 |  29.8
        D:5 |    1206 |       0 |   0.0 |      28 |       0 |   0.0
        D:6 |    1249 |       0 |   0.0 |      16 |       0 |   0.0
        D:7 |     534 |     831 |  60.9 |      18 |       6 |  25.0
        D:8 |    2332 |       0 |   0.0 |      27 |       0 |   0.0
        D:9 |    2255 |     807 |  26.4 |      27 |       6 |  18.2
       D:10 |    1895 |       0 |   0.0 |      17 |       0 |   0.0
       D:11 |    6432 |     358 |   5.3 |      46 |       1 |   2.1
       D:12 |    2738 |    2009 |  42.3 |      19 |       2 |   9.5
       D:13 |   10122 |       0 |   0.0 |      38 |       0 |   0.0
       D:14 |    8360 |    1461 |  14.9 |      29 |       3 |   9.4
       D:15 |    5726 |       0 |   0.0 |      14 |       0 |   0.0
     Lair:1 |    3235 |     579 |  15.2 |       9 |       2 |  18.2
     Lair:2 |    4451 |    7050 |  61.3 |      23 |      53 |  69.7
     Lair:3 |    3857 |     891 |  18.8 |      20 |       5 |  20.0
     Lair:4 |    4219 |    1085 |  20.5 |      21 |       3 |  12.5
     Lair:5 |    8986 |    1028 |  10.3 |      21 |      18 |  46.2
     Lair:6 |    6649 |    9132 |  57.9 |      26 |      19 |  42.2
      Orc:1 |    1959 |    1267 |  39.3 |      11 |       4 |  26.7
      Orc:2 |    1289 |    6573 |  83.6 |      17 |      24 |  58.5
    Abyss:2 |    9926 |       0 |   0.0 |      24 |       0 |   0.0
    Ossuary |       0 |     226 | 100.0 |       0 |      31 | 100.0
            +---------+---------+-------+---------+---------+-------
